 Dungeon Crawl Stone Soup version 0.32-a0-607-g64ea0e4219 (webtiles) character file.

Game seed: 3974736589776266076

10715 growler the Fighter (level 11, -2/95 HPs)
             Began as a Coglin Artificer on Mar 3, 2024.
             Was a Believer of Wu Jian.
             Slain by a sixfirhy (6 damage)
             ... summoned by a kobold demonologist
             ... on level 11 of the Dungeon.
             The game lasted 00:50:33 (13427 turns).

growler the Fighter (Coglin Artificer)             Turns: 13427, Time: 00:50:33

Health: -2/95      AC: 11    Str: 17    XL:     11   Next: 66%
Magic:  11/11      EV: 11    Int: 10    God:    Wu Jian [**....]
Gold:   608        SH:  0    Dex: 15    Spells: 10/10 levels left

rFire   + . .        i - +2 rapier {Gnaeus}
rCold   . . .        J - +2 short sword (vamp) {Carmen}
rNeg    . . .        w - +3 leather armour {rF+}
rPois   .            B - +0 helmet
rElec   .            t - +0 cloak
rCorr   .            b - +0 pair of gloves
SInv    .            M - +0 pair of boots
Will    .....        (amulet unavailable)
Stlth   +            (ring unavailable)
HPRegen 0.35/turn    (ring unavailable)
MPRegen 0.12/turn    (no gizmo)

%: no passive effects
@: lethally poisoned (-2 -> -4), about to teleport, revving
A: off-hand wielding, slow wielding, warmup strikes, no jewellery
a: Invent Gizmo, Renounce Religion, Wall Jump


You were on level 11 of the Dungeon.
You worshipped Wu Jian.
Wu Jian was pleased with you.
You visited 2 branches of the dungeon, and saw 12 of its levels.
You also visited: Sewer.

You collected 608 gold pieces.

Inventory:

Hand Weapons
 h - a +0 dagger of flaming {Juwon}
 i - a +2 rapier (weapon) {Gnaeus}
 J - a +2 vampiric short sword (offhand) {Carmen}
Missiles
 y - 32 poisoned darts (quivered)
 z - 2 curare-tipped darts
Armour
 b - a +0 pair of gloves (worn)
 t - a +0 cloak (worn)
 w - a +3 leather armour of fire resistance (worn)
 B - a +0 helmet (worn)
 M - a +0 pair of boots (worn)
Wands
 c - a wand of flame (1)
 d - a wand of charming (6)
 g - a wand of polymorph (4)
 G - a wand of mindburst (3)
 K - a wand of digging (6)
Scrolls
 f - a scroll of brand weapon {unknown}
 j - 2 scrolls of revelation
 m - 2 scrolls of fear
 n - a scroll of poison
 p - 3 scrolls of fog
 s - 2 scrolls of vulnerability
 E - a scroll of torment {unknown}
 F - a scroll of immolation
 H - a scroll of amnesia
Potions
 e - 4 potions of invisibility
 k - 5 potions of curing
 l - a potion of attraction
 q - 4 potions of mutation {unknown}
 r - 2 potions of might {unknown}
 u - a potion of resistance
 v - a potion of brilliance {unknown}
 A - a potion of cancellation
 C - 2 potions of enlightenment
 D - a potion of lignification {unknown}
 I - a potion of ambrosia
 L - a potion of haste {unknown}


   Skills:
 + Level 12.3 Fighting
 - Level 10.0 Short Blades
 + Level 5.9 Armour
 - Level 0.8 Dodging
 - Level 0.7 Stealth
 + Level 11.3 Evocations


You had 10 spell levels left.
You didn't know any spells.
Your spell library contained the following spells:

 Spells                   Type           Power      Damage    Failure   Level
 Freeze                   Ice            0%         1d3       41%         1
 Magic Dart               Conj           0%         1d3       41%         1
 Searing Ray              Conj           0%         2d4       56%         2
 Dazzling Flash           Conj/Hex       0%         N/A       80%         3
 Frozen Ramparts          Ice            0%         1d1       80%         3
 Hailstorm                Conj/Ice       0%         3d5       80%         3
 Mephitic Cloud           Conj/Alch/Air  0%         N/A       80%         3
 Fulminant Prism          Conj/Alch      0%         3d5       99%         4
 Olgreb's Toxic Radiance  Alch           0%         N/A       99%         4
 Vhi's Electric Charge    Tloc/Air       0%         N/A       99%         4
 Arcjolt                  Conj/Air       0%         1d10      100%        5
 Curse of Agony           Necr           0%         N/A       100%        5
 Silence                  Hex/Air        0%         N/A       100%        5
 Ozocubu's Refrigeration  Ice            0%         4d7       100%        7
 Discord                  Hex            0%         N/A       100%        8
 Maxwell's Capacitive Co  Air            0%         ∞         100%        8


Dungeon Overview and Level Annotations

Branches:
Dungeon (11/15)            Temple (1/1) D:7            Lair (0/5) D:9
    Orc (0/2) D:10          Sewer (visited)

Altars:
Ashenzari
Cheibriados
Dithmenos
Elyvilon
Fedhas
Gozag
Hepliaklqana
Kikubaaqudgha
Makhleb
Nemelex Xobeh
Okawaru
Qazlal
Ru
Sif Muna
Trog
Uskayaw
Vehumet
Wu Jian
Xom
Yredelemnul
Zin
The Shining One

Shops:
D:1 =   D:7 (


Innate Abilities, Weirdness & Mutations

You can wield a second weapon in your off-hand.
It takes a long time for you to wield or remove held weapons.
Your first few attacks do less damage.
You cannot equip rings or amulets.


Message History

You hit the kobold with your +2 rapier.
You kill the kobold!
The Council accepts your kill.
You feel very sick.
The kobold demonologist gestures wildly while chanting.
Unknown command.
You feel very sick.
The kobold demonologist mumbles some strange words.
The sixfirhy hits you! The sixfirhy shocks you!
Found a falchion.
You feel sick. The sixfirhy hits you. The sixfirhy shocks you!
* * * LOW HITPOINT WARNING * * *
The sixfirhy hits you but does no damage.
The sixfirhy hits you!
* * * LOW HITPOINT WARNING * * *
The sixfirhy shocks you!
* * * LOW HITPOINT WARNING * * *
The sixfirhy hits you but does no damage.
The soul eater draws from the surrounding life force!
You feel much better.
You feel sick.
The kobold demonologist casts a spell.
As you read the scroll of teleportation, it crumbles to dust.
You feel strangely unstable.
You feel sick.
The shadow imp disappears in a puff of smoke!
The iron imp shouts, "Scamper away, thou errant pigeon-egg vassal!"
The crimson imp blinks!
Unknown command.
Aiming: Charm
Press: ? - help, Shift-Dir - straight line, f - sixfirhy
Aim: a sixfirhy (summoned, chance to affect: 38%)
The sixfirhy resists with some effort.
You feel sick.
The sixfirhy hits you but does no damage.
The sixfirhy hits you.
* * * LOW HITPOINT WARNING * * *
The sixfirhy shocks you!
* * * LOW HITPOINT WARNING * * *
The soul eater draws from the surrounding life force!
Unknown command.
You feel sick. The sixfirhy hits you.
You die...

..........##+#+#.#####
.##.#..###....!......#
. #.#..# #....5).....#
.##.#..###....3K.....#
..............K)5....#
.........#.....KKK...#
.......#######+#.#####
.##...### #3#######
........### #@.......
.##......... #.#####)#
.....###..... #.#
.##..# ..... #.#
.##..# .... #.# .....#
... #.# .....# ### #.#
.....# #.# .......


You could see a soul eater (summoned), 2 kobold demonologists, a sixfirhy
(summoned), a kobold brigand, 2 crimson imps and a kobold.

Vanquished Creatures
  Amaemon (D:8)
  Pikel (D:4)
  A manticore (D:11)
  Maurice (D:7)
  Joseph (D:7)
  An orange demon (D:8)
  Jeremiah (D:7)
  A troll (D:11)
  A hornet (D:10)
  A wraith (D:11)
  Sigmund (D:3)
  8 yaks
  A vampire (D:11)
  Eustachio (D:5)
  A steam dragon (D:10)
  3 vampire mosquitoes (D:10)
  Menkaure (D:3)
  A water moccasin (D:6)
  A black bear (D:5)
  A sky beast (D:6)
  2 orc warriors
  2 ice beasts
  A centaur (D:8)
  3 ogres
  3 lemures (D:4)
  3 kobold brigands
  2 phantoms (D:6)
  A bullfrog (D:7)
  A gnoll sergeant (D:8)
  4 scorpions
  13 wights
  22 killer bees
  A howler monkey (D:6)
  4 hounds
  2 bombardier beetles
  Jessica (D:3)
  2 sleepcaps
  2 iguanas
  3 orc wizards (D:8)
  Robin (D:3)
  5 gnolls (D:8)
  9 adders
  5 river rats (Sewer)
  3 white imps
  4 ribbon worms
  3 dart slugs
  8 orcs
  13 endoplasms
  8 giant cockroaches
  19 goblins
  5 hobgoblins
  3 quokkas
  12 ball pythons
  8 bats
  4 frilled lizards
  33 kobolds
  22 rats
266 creatures vanquished.

Vanquished Creatures (collateral kills)
  A killer bee (D:8)
  A howler monkey (D:8)
  A ball python (Sewer)
  A hobgoblin (D:2)
  3 rats (Sewer)
7 creatures vanquished.

Vanquished Creatures (others)
  A killer bee (D:8)
  A river rat (Sewer)
  A white imp (D:7)
3 creatures vanquished.

Grand Total: 276 creatures vanquished

Notes
Turn   | Place    | Note
-------+----------+-------------------------------------------
     0 | D:1      | growler the Coglin Artificer began the quest for the Orb.
     0 | D:1      | Reached XP level 1. HP: 15/15 MP: 1/1
   116 | D:1      | Reached XP level 2. HP: 12/21 MP: 2/2
   159 | D:1      | Found Qaoweaz's Jewellery Boutique.
   358 | D:1      | Reached skill level 2 in Fighting
   523 | D:1      | Reached XP level 3. HP: 20/27 MP: 3/3
   679 | D:1      | Found a faded altar of an unknown god.
  1427 | D:2      | Reached skill level 5 in Evocations
  1951 | D:2      | Found a radiant altar of Vehumet.
  2238 | D:3      | Reached XP level 4. HP: 30/34 MP: 4/4
  2373 | D:3      | Noticed Sigmund
  2376 | D:3      | Killed Sigmund
  2377 | D:3      | Reached XP level 5. HP: 39/39 MP: 5/5
  2377 | D:3      | Reached XP level 6. HP: 46/46 MP: 6/6
  2697 | D:3      | Found a glowing drain.
  2758 | Sewer    | Entered a sewer
  3705 | D:3      | Noticed Jessica
  3717 | D:3      | Killed Jessica
  3718 | D:3      | Reached XP level 7. HP: 45/51 MP: 7/7
  3758 | D:3      | Noticed Robin
  3796 | D:3      | Killed Robin
  4030 | D:4      | Noticed Menkaure
  4045 | D:3      | Killed Menkaure
  4595 | D:4      | Reached skill level 3 in Fighting
  4904 | D:5      | Entered Level 5 of the Dungeon
  5261 | D:5      | Found the amulet of Elemental Vulnerability {rPois rF--
                  | rC-- AC+8}
  5289 | D:5      | Reached skill level 5 in Short Blades
  5472 | D:5      | Reached XP level 8. HP: 54/60 MP: 8/8
  5502 | D:5      | Reached skill level 4 in Fighting
  6369 | D:5      | Noticed Pikel
  6433 | D:4      | Reached skill level 10 in Fighting
  6433 | D:4      | Reached XP level 9. HP: 78/78 MP: 9/9
  6486 | D:4      | Killed Pikel
  6487 | D:4      | Reached skill level 10 in Short Blades
  6895 | D:5      | Noticed Eustachio
  6919 | D:5      | Killed Eustachio
  7233 | D:6      | Reached XP level 10. HP: 86/86 MP: 10/10
  7899 | D:7      | Noticed Maurice
  7919 | D:7      | Maurice stole a +0 dagger
  7925 | D:7      | Killed Maurice
  7926 | D:7      | Reached skill level 11 in Fighting
  7998 | D:7      | Noticed Joseph
  8005 | D:7      | Killed Joseph
  8145 | D:7      | Found an opulent altar of Gozag.
  8398 | D:7      | Noticed Jeremiah
  8767 | D:7      | Found a staircase to the Ecumenical Temple.
  8776 | Temple   | Entered the Ecumenical Temple
  8789 | Temple   | Became a worshipper of the Wu Jian Council
  9027 | D:7      | Found Qijie's Weapon Shop.
  9204 | D:7      | Identified the +3 dagger "Ralakhu" {drain, rElec Stlth+}
  9264 | D:7      | Killed Jeremiah
  9842 | D:8      | Found a radiant altar of Vehumet.
  9845 | D:8      | Noticed an orange demon
  9845 | D:8      | Noticed Amaemon
  9869 | D:8      | Killed an orange demon
  9929 | D:8      | HP: 4/88 [Amaemon/+0 demon whip of venom (12)]
  9929 | D:8      | HP: 1/88 [Amaemon/+0 demon whip of venom (3)]
 10161 | D:8      | Killed Amaemon
 10162 | D:8      | Reached skill level 10 in Evocations
 10162 | D:8      | Reached XP level 11. HP: 47/94 MP: 11/11
 10498 | D:8      | Reached * piety under Wu Jian
 10789 | D:9      | Found a staircase to the Lair.
 11094 | D:9      | Reached skill level 5 in Armour
 11599 | D:9      | Found a sparkling altar of Nemelex Xobeh.
 11600 | D:9      | Found a shadowy altar of Dithmenos.
 11975 | D:10     | Entered Level 10 of the Dungeon
 11982 | D:10     | Found a stormy altar of Qazlal.
 12019 | D:10     | Reached skill level 12 in Fighting
 12650 | D:10     | Found a staircase to the Orcish Mines.
 12833 | D:10     | Paralysed by a hornet for 3 turns
 13105 | D:11     | Noticed a manticore
 13145 | D:11     | Killed a manticore
 13145 | D:11     | Reached ** piety under Wu Jian
 13422 | D:11     | Noticed a sixfirhy
 13423 | D:11     | Noticed a soul eater
 13423 | D:11     | HP: 3/95 [sixfirhy[a kobold demonologist] (10)]
 13427 | D:11     | Slain by a sixfirhy

Illustrated notes

Levels and vault maps discovered:
D:1:      saegor_arrival_simple_b, layout_loops_cross,
          shapermc_ecumenical_altar_venn, serial_shops, shop
D:2:      layout_basic, basic_altar, minmay_tetromino_i4
D:3:      layout_rooms, portal_sewer_entry_d, uniq_sigmund, uniq_robin,
          uniq_jessica
D:4:      nicolae_cairo_tiling, layout_loops_ring, uniq_menkaure
D:5:      layout_rooms, uniq_eustachio, uniq_pikel
D:6:      layout_gridville
D:7:      layout_basic, mainiacjoe_overflow_chevrons, lemuel_temple_firewalk_b,
          serial_shops, nicolae_lakefront_shop, uniq_jeremiah, uniq_maurice,
          uniq_joseph
D:8:      layout_loops_ring, vehumet_crystals, enter_bailey_3,
          minmay_splitting_lines, uniq_amaemon
D:9:      minmay_weird_star, layout_rooms, gammafunk_temple_overflow_statue,
          minmay_misc_feat_alley, minmay_misc_feat_roman
D:10:     layout_long_grid, grunt_qazlal_sundering, orc_0_dummy,
          nicolae_figureground_sparkle, uniq_grum
D:11:     layout_basic, uniq_harold, uniq_erica
Temple:   minmay_crystal_spiral_temple

Skill      XL: |  1  2  3  4  5  6  7  8  9 10 11 |
---------------+----------------------------------+-----
Fighting       | 2 3 10 11 12 | 12.3
Evocations     | 5 6 7 8 10 11 | 11.3
Short Blades   | 2 3 5 9 10 | 10.0
Armour         | 2 4 5 |  5.9
Dodging        | |  0.8
Stealth        | |  0.7

Action                     |  1- 3 |  4- 6 |  7- 9 | 10-12 || total
---------------------------+-------+-------+-------+-------++-------
  Melee: Dagger            |   233 |   332 |   699 |   100 ||  1364
         Club              |    12 |       |       |       ||    12
         Rapier            |       |       |    34 |   572 ||   606
         Short sword       |       |       |       |   461 ||   461
  Throw: Dart              |       |       |    10 |     5 ||    15
Ability: Lunge             |       |       |       |    16 ||    16
         Whirlwind         |       |       |       |    61 ||    61
  Evoke: Wand              |     4 |    14 |    11 |    16 ||    45
    Use: Scroll            |       |       |    11 |     9 ||    20
         Potion            |       |       |     5 |     5 ||    10
   Stab: Sleeping          |     2 |       |     3 |     1 ||     6
         Invisible         |       |       |       |     1 ||     1
 Armour: Leather armour    |    77 |    94 |   218 |   333 ||   722
  Dodge: Dodged            |    50 |    88 |   168 |   221 ||   527

Table legend: (Time is in decaauts)
 A = Elapsed time spent in this place.
 B = Non-inter-level travel time spent in this place.
 C = Inter-level travel time spent in this place.
 D = Time resting spent in this place.
 E = Time spent auto-exploring this place.
 F = Levels seen in this place.
 G = Mean time per level.
                   A        B        C        D        E       F      G
               +--------+--------+--------+--------+--------+-----+--------+
         Total |  13141 |  12821 |    320 |   3098 |   6753 |  13 | 1010.8 |
       Dungeon |  12211 |  11915 |    296 |   2760 |   6613 |  11 | 1110.1 |
        Temple |     26 |      2 |     24 |      0 |      0 |   1 |   26.0 |
         Sewer |    903 |    903 |      0 |    338 |    139 |   1 |  903.0 |
               +--------+--------+--------+--------+--------+-----+--------+

Top non-repeatable levels by time:
     D:2: 1454 daAuts
     D:5: 1417 daAuts
     D:8: 1381 daAuts
     D:4: 1381 daAuts
    D:10: 1207 daAuts
     D:9: 1137 daAuts
     D:7: 1104 daAuts
     D:6: 1083 daAuts
     D:3: 1052 daAuts
   Sewer: 903 daAuts
     D:1: 757 daAuts
    D:11: 234 daAuts
  Temple: 26 daAuts
